 Dungeon Crawl Stone Soup version 0.17.1-1-g73c8601 (webtiles) character file.

150 Clownie the Ducker (level 5, -2/24 HPs)
             Began as a Felid Monk on Dec 20, 2015.
             Slain by an orc priest
             ... wielding a +0 flail
              (10 damage)
             ... on level 3 of the Dungeon.
             The game lasted 00:03:16 (3238 turns).

Clownie the Ducker (Felid Monk)                     Turns: 3238, Time: 00:03:17

Health: -2/24      AC:  1    Str:  7    XL:     5   Next: 10%
Magic:  6/6        EV: 23    Int:  6    God:
Gold:   123        SH:  0    Dex: 19    Spells: 0 memorised, 4 levels left
                                        Lives:  0   Deaths: 1

rFire  . . .     SeeInvis +       - Unarmed
rCold  . . .     Clarity  .     (armour unavailable)
rNeg   . . .     SustAt   .     (shield unavailable)
rPois  .         Gourm    .     (helmet unavailable)
rElec  .         Spirit   .     (cloak unavailable)
rCorr  .         Warding  .     (gloves unavailable)
rMut   .         Stasis   .     (boots unavailable)
MR     .....                    (no amulet)
Stlth  +++.......               (no ring)
                                h - -6 ring of intelligence (curse)

@: quick, not resistant to hostile enchantments, fairly stealthy
A: no armour, no weapons or thrown items, claws 1, fangs 3, see invisible,
carnivore 3, speed 1, shaggy fur 1, slow metabolism 1, sharp paws
a: no special abilities


You were on level 3 of the Dungeon.
You were not hungry.

You visited 1 branch of the dungeon, and saw 4 of its levels.

You collected 123 gold pieces.

Inventory:

Jewellery
 h - a cursed -6 ring of intelligence (left paw)
Scrolls
 d - a scroll of teleportation
 e - a scroll of fog {unknown}
 f - a scroll of amnesia {unknown}
 i - 2 scrolls of recharging {unknown}
 j - 4 scrolls of enchant armour {unknown}
 l - 2 scrolls of remove curse {unknown}
Potions
 b - 2 potions of curing
 c - a potion of ambrosia
 m - a potion of flight
Comestibles
 a - 2 meat rations
 k - a slice of pizza


   Skills:
 - Level 3.0 Fighting
 + Level 6.8 Dodging
 - Level 2.6 Stealth
 + Level 5.7 Unarmed Combat


You had 4 spell levels left.
You didn't know any spells.

Dungeon Overview and Level Annotations

Branches:
Dungeon (4/15)
 Temple: D:4-7

Altars:
Elyvilon
Fedhas
Gozag
Qazlal
Yredelemnul

Shops:
D:2 *


Innate Abilities, Weirdness & Mutations

You cannot wear armour.
You are incapable of wielding weapons or throwing items.
You have sharp claws.
You have razor-sharp teeth.
You have supernaturally acute eyesight.
You are carnivorous and can eat meat at any time.
You cover ground quickly.
You are covered in fur (AC +1).
You have a slow metabolism.
Your sharp claws are effective at attacking unaware monsters.


Message History

You climb upwards.
There is a stone staircase leading down here.
The orc priest barely misses you.
You scratch the orc priest. Your bite misses the orc priest.
The orc priest is moderately wounded.
The orc priest hits you with a flail.
You scratch the orc priest.
The orc priest is heavily wounded.
You scratch the orc priest.
The orc priest is almost dead.
The orc priest completely misses you.
You barely miss the orc priest.
The orc priest is almost dead.
The orc priest invokes the aid of Beogh against you.
Something smites you!
Ouch! That really hurt!
You closely miss the orc priest.
The orc priest is almost dead.
The orc priest hits you with a flail!
You die...

..... ###
..... #..
..... #.#
..... #.#
#.... #>###
..#.# #...## .
# #.# ###..##
... #.. ##@.##
.$.. #..
###o.##.....
##.
###...........
#
#...........#.
#............#
###...........
###........#
.........#
#.......##


You could see an orc priest.

Vanquished Creatures
  The ghost of antares the Magician, an amateur DEWz of Nemelex Xobeh (D:3)
  2 wights
  An orc priest (D:4)
  2 adders (D:3)
  An ooze (D:3)
  A worm (D:2)
  A giant gecko (D:1)
  3 orcs (D:4)
  A ball python (D:4)
  7 bats
  7 goblins
  5 hobgoblins
  7 kobolds
  A giant cockroach (D:4)
  A giant newt (D:1)
  3 jackals (D:1)
  A quokka (D:4)
  3 rats
48 creatures vanquished.

Notes
Turn   | Place    | Note
--------------------------------------------------------------
     0 | D:1      | Clownie the Felid Monk began the quest for the Orb.
     0 | D:1      | Reached XP level 1. HP: 10/10 MP: 2/2
    71 | D:1      | Reached XP level 2. HP: 12/14 MP: 3/3
   732 | D:2      | Reached skill level 5 in Dodging
   761 | D:2      | Reached XP level 3. HP: 15/17 MP: 4/4
   828 | D:2      | Found a basalt altar of Yredelemnul.
   829 | D:2      | Found a blossoming altar of Fedhas.
   829 | D:2      | Found a white marble altar of Elyvilon.
   831 | D:2      | Found an opulent altar of Gozag.
   919 | D:2      | Found an opulent altar of Gozag.
   922 | D:2      | Found Gozag's Platinum Reserve.
  1505 | D:3      | Reached XP level 4. HP: 9/21 MP: 5/5
  1508 | D:3      | Noticed an ice beast
  1716 | D:2      | Reached skill level 6 in Dodging
  1716 | D:2      | Reached skill level 5 in Unarmed Combat
  2000 | D:3      | Noticed antares's ghost (amateur DEWz)
  2014 | D:3      | Killed antares's ghost
  2014 | D:3      | Reached XP level 5. HP: 17/24 MP: 6/6
  2030 | D:3      | Found a stormy altar of Qazlal.
  2043 | D:3      | Slain by a wight
  2044 | D:3      | Reached XP level 4. HP: 0/21 MP: 5/5
  2075 | D:3      | HP: 1/21 [ice beast (7)]
  2373 | D:3      | HP: 1/21 [orc priest/divine providence (17)]
  2953 | D:4      | Reached XP level 5. HP: 14/24 MP: 6/6
  3238 | D:3      | Slain by an orc priest

Action                   |  1- 3 |  4- 6 || total
-------------------------+-------+-------++-------
Melee: Unarmed           |    93 |    70 ||   163
  Use: Scroll            |     3 |     1 ||     4
 Stab: Sleeping          |     6 |       ||     6
       Distracted        |       |     2 ||     2
  Eat: Chunk             |       |     2 ||     2
